 Dungeon Crawl Stone Soup version 0.28-a0-1235-g7c8fac35f0 (webtiles) character file.

Game seed: 16262266152244793367

287775 SnakkuSnakku7 the Bludgeoner (level 20, -2/113 HPs)
             Began as a Vine Stalker Fighter on Dec 24, 2021.
             Was the Champion of the Shining One.
             Shot with a bolt by a yaktaur captain (30 damage)
             ... on level 1 of the Vaults on Dec 25, 2021.
             The game lasted 01:17:59 (31223 turns).

SnakkuSnakku7 the Bludgeoner (VSFi)                Turns: 31223, Time: 01:18:00

Health: -2/113     AC: 30    Str: 29    XL:     20   Next: 67%
Magic:  0/29       EV: 16    Int:  6    God:    the Shining One [******]
Gold:   3399       SH: 18    Dex: 27    Spells: 19/19 levels left

rFire   + + +      SeeInvis .   a - +8 morningstar "Gaewigoh" {spect, *Noise Str+4 Int-2 Dex+9}
rCold   + + .      Faith    .   l - +2 kite shield
rNeg    + + +      Spirit   +   o - +0 plate armour {rF+}
rPois   +          Reflect  .   r - +3 helmet of the Eight Xalams {Harm rC+ rCorr}
rElec   .          Harm     +   E - +2 cloak of the Arena {+Inv rCorr Dex+3}
rCorr   +          Rampage  .   Z - +2 pair of gloves {infuse}
Will    +++..                   M - +2 pair of boots of Snakes and Ladders {rF+ rC+}
Stlth   ..........              g - amulet of magic regeneration
HPRegen 1.08/turn               b - +4 ring of protection
MPRegen 0.61/turn               H - ring of Lenuweq {Fly rPois rF+ Slay+2 Stlth-}

@: marked, flying, glowing, studying Polearms
A: fangs 3, regeneration 1, magic shield, antimagic bite, no potion heal 2,
deformed body, dopey 1, low mp 1, strong-willed 1, screaming 1, evolution 1
}: 2/15 runes: serpentine, barnacled
a: Renounce Religion, Evoke Invisibility, Divine Shield, Cleansing Flame, Summon
Divine Warrior


You were on level 1 of the Vaults.
You worshipped the Shining One.
The Shining One was exalted by your worship.
You visited 6 branches of the dungeon, and saw 32 of its levels.
You also visited: Gauntlet, Ice Cave and Volcano.

You collected 6169 gold pieces.
You spent 2770 gold pieces at shops.

Inventory:

Hand Weapons
 a - the +8 morningstar "Gaewigoh" (weapon) {spect, *Noise Str+4 Int-2 Dex+9}
   (You found it on level 5 of the Dungeon)

   When its wielder attacks, the weapon's spirit leaps out and strikes again.
   The spirit shares a part of any damage it takes with its wielder.
   Str:       It affects your strength (+4).
   Int:       It affects your intelligence (-2).
   Dex:       It affects your dexterity (+9).
   *Noise:    It may make noises in combat.
 Q - a +6 trishula of holy wrath
Missiles
 v - 85 poisoned darts (quivered)
 w - 2 curare-tipped darts
 I - 13 throwing nets
Armour
 l - a +2 kite shield (worn)
 o - a +0 plate armour of fire resistance (worn)
 r - the +3 helmet of the Eight Xalams (worn) {Harm rC+ rCorr}
   (You acquired it on level 3 of the Lair of Beasts)

   rC:        It protects you from cold.
   rCorr:     It protects you from acid and corrosion.
   Harm:      It increases damage dealt and taken.
 E - the +2 cloak of the Arena (worn) {+Inv rCorr Dex+3}
   (You bought it in a shop on level 2 of the Orcish Mines)

   Dex:       It affects your dexterity (+3).
   +Inv:      It lets you turn invisible.
   rCorr:     It protects you from acid and corrosion.
 F - a +0 tower shield
 M - the +2 pair of boots of Snakes and Ladders (worn) {rF+ rC+}
   (You acquired it on level 9 of the Dungeon)

   rF:        It protects you from fire.
   rC:        It protects you from cold.
 Z - a +2 pair of gloves of infusion (worn)
Jewellery
 b - a +4 ring of protection (left hand)
 d - the ring "Waazxoug" {rElec rF+ rC+ Stlth+}
   (You acquired it on level 8 of the Dungeon)

   [ring of protection from cold]

   rF:        It protects you from fire.
   rC:        It protects you from cold.
   rElec:     It insulates you from electricity.
   Stlth:     It makes you more stealthy.
 g - an amulet of magic regeneration (around neck)
 A - a ring of ice
 H - the ring of Lenuweq (right hand) {Fly rPois rF+ Slay+2 Stlth-}
   (You found it on level 15 of the Dungeon)

   [ring of protection from fire]

   Slay:      It affects your accuracy & damage with ranged weapons and melee
   (+2).
   rF:        It protects you from fire.
   rPois:     It protects you from poison.
   Fly:       It grants you flight.
   Stlth:     It makes you less stealthy.
 K - the ring "Sozehey" {Fly rElec Will+}
   (You found it in a Gauntlet)

   [ring of flight]

   rElec:     It insulates you from electricity.
   Fly:       It grants you flight.
   Will:      It increases your willpower.
Wands
 j - a wand of flame (15)
 n - a wand of paralysis (12)
 p - a wand of iceblast (16)
 u - a wand of charming (9)
 x - a wand of mindburst (4)
 J - a wand of polymorph (6)
 T - a wand of acid (3)
Scrolls
 f - a scroll of brand weapon
 i - 2 scrolls of summoning
 k - 13 scrolls of teleportation
 m - 7 scrolls of immolation
 q - 4 scrolls of blinking
 s - 8 scrolls of fog
 t - 3 scrolls of magic mapping
 y - 3 scrolls of fear
 O - 2 scrolls of holy word
 R - 2 scrolls of silence
 S - 4 scrolls of vulnerability
 U - 7 scrolls of identify
Potions
 c - 2 potions of might
 e - 4 potions of brilliance
 h - 2 potions of haste
 z - 7 potions of flight
 B - 16 potions of curing
 C - a potion of resistance
 D - 6 potions of attraction
 L - 2 potions of magic
 V - 2 potions of cancellation
 W - 2 potions of ambrosia
Miscellaneous
 N - a phial of floods
 P - a box of beasts


   Skills:
 - Level 15.0 Fighting
 - Level 3.1 Long Blades
 - Level 16.0 Maces & Flails
 + Level 9.6 Polearms
 - Level 13.0 Armour
 - Level 10.0 Dodging
 - Level 15.0 Shields
 - Level 15.0 Invocations
 - Level 6.0 Evocations


You had 19 spell levels left.
You didn't know any spells.
Your spell library contained the following spells:

 Spells                   Type           Power      Damage    Failure   Level
 Pain                     Necr           0%         1d4       97%         1
 Shock                    Conj/Air       0%         1d3       97%         1
 Slow                     Hex            0%         N/A       97%         1
 Blink                    Tloc           0%         N/A       99%         2
 Corpse Rot               Necr/Air       0%         N/A       99%         2
 Poisonous Vapours        Pois/Air       0%         N/A       99%         2
 Sublimation of Blood     Necr           0%         N/A       99%         2
 Confusing Touch          Hex            0%         N/A       100%        3
 Dazzling Flash           Conj/Hex       0%         N/A       100%        3
 Gell's Gravitas          Tloc           0%         N/A       100%        3
 Inner Flame              Hex/Fire       0%         N/A       100%        3
 Lesser Beckoning         Tloc           0%         N/A       100%        3
 Summon Guardian Golem    Hex/Summ       0%         N/A       100%        3
 Swiftness                Air            0%         N/A       100%        3
 Teleport Other           Tloc           0%         N/A       100%        3
 Vampiric Draining        Necr           0%         2d6       100%        3
 Airstrike                Air            0%         N/A       100%        4
 Animate Armour           Summ/Erth      0%         N/A       100%        4
 Animate Dead             Necr           0%         N/A       100%        4
 Cause Fear               Hex            0%         N/A       100%        4
 Iskenderun's Mystic Bla  Conj/Tloc      0%         2d3       100%        4
 Leda's Liquefaction      Hex/Erth       0%         N/A       100%        4
 Petrify                  Tmut/Erth      0%         N/A       100%        4
 Summon Ice Beast         Ice/Summ       0%         N/A       100%        4
 Summon Lightning Spire   Summ/Air       0%         N/A       100%        4
 Agony                    Necr           0%         N/A       100%        5
 Blade Hands              Tmut           0%         N/A       100%        5
 Borgnjor's Vile Clutch   Necr/Erth      0%         N/A       100%        5
 Excruciating Wounds      Necr           0%         N/A       100%        5
 Irradiate                Conj/Tmut      0%         3d13      100%        5
 Lee's Rapid Deconstruct  Erth           0%         3d5*      100%        5
 Manifold Assault         Tloc           0%         N/A       100%        5
 Metabolic Englaciation   Hex/Ice        0%         N/A       100%        5
 Summon Mana Viper        Hex/Summ       0%         N/A       100%        5
 Yara's Violent Unravell  Hex/Tmut       0%         3d3       100%        5
 Death Channel            Necr           0%         N/A       100%        6
 Iron Shot                Conj/Erth      0%         9d1       100%        6
 Starburst                Conj/Fire      0%         6d3       100%        6
 Statue Form              Tmut/Erth      0%         N/A       100%        6
 Monstrous Menagerie      Summ           0%         N/A       100%        7
 Orb of Destruction       Conj           0%         N/A       100%        7
 Spellforged Servitor     Conj/Summ      0%         N/A       100%        7
 Storm Form               Tmut/Air       0%         N/A       100%        7
 Maxwell's Capacitive Co  Air            0%         ∞         100%        8
 Shatter                  Erth           0%         3d5*      100%        9


Dungeon Overview and Level Annotations

Branches:
Dungeon (15/15)            Temple (0/1) D:7            Lair (6/6) D:9
 Shoals (4/4) Lair:3        Snake (4/4) Lair:2          Orc (2/2) D:10
    Elf (0/3) Orc:2        Vaults (1/5) D:13         Depths (0/4) D:15
  IceCv (visited)         Volcano (visited)         Gauntlet (visited)
  Slime: Lair:5-6

Altars:
Gozag
Makhleb
Okawaru
Sif Muna
Trog
Xom
Yredelemnul
Zin
The Shining One
Beogh
Lugonu

Shops:
D:8 *=!(   D:11 :   Orc:2 ?[((   Shoals:3 (   Snake:1 :   Snake:4 !

Portals:
Abyss: Shoals:1

Annotations:
Lair:5 exclusion: 2 oklob plants


Innate Abilities, Weirdness & Mutations

You have razor-sharp teeth.
Your natural rate of healing is unusually fast.
When hurt, damage is shared between your health and your magic reserves.
Your bite disrupts and absorbs the magic of your enemies.
Potions cannot restore your health.
Armour fits poorly on your strangely shaped body.
You are dopey. (Int -2)
Your magical capacity is low. (-10% MP)
You are strong-willed. (Will+)
You occasionally shout uncontrollably at your foes.
You have hidden genetic potential.


Message History

You bite the peacekeeper, but do no damage.
The peacekeeper is lightly damaged.
Your +8 morningstar "Gaewigoh" {spect, *Noise Str+4 Int-2 Dex+9} hits the peacekeeper!!
The peacekeeper bites your +8 morningstar "Gaewigoh" {spect, *Noise Str+4 Int-2 Dex+9}!
Your spectral weapon shares its damage with you!
The peacekeeper claws your +8 morningstar "Gaewigoh" {spect, *Noise Str+4 Int-2 Dex+9}!
Your spectral weapon shares its damage with you!
You sock the peacekeeper!
You destroy the peacekeeper!
No reachable target in view!
You see here a +1 morningstar of holy wrath.
You see here a +1 morningstar of holy wrath.
There is an open door here.
Found 12 stones.
You see here 12 stones.
You reach down and open the door.
There is an open door here.
There is an open door here.
A sourceless malevolence fills the Vaults...
With a horrendous wail, an alarm goes off!
A sentinel's mark forms upon you.
You hear a shout! x6
A yaktaur comes into view.
The yaktaur wields a +0 arbalest.
The yaktaur shoots a bolt.
The bolt hits you!
A yaktaur captain comes into view.
The yaktaur shoots a bolt.
You block the bolt.
A yaktaur comes into view.
The yaktaur captain wields a +0 arbalest.
The yaktaur captain shoots a bolt.
The bolt hits you!!
The yaktaur shoots a bolt.
You block the bolt.
A yaktaur comes into view.
The yaktaur shoots a bolt.
The bolt misses you.
The yaktaur shoots a bolt.
You block the bolt.
The yaktaur captain shoots a bolt.
The bolt hits you!!
The yaktaur wields a +0 arbalest.
The yaktaur shoots a bolt.
The bolt closely misses you.
The yaktaur shoots a bolt.
The bolt hits you!!
* * * LOW HITPOINT WARNING * * *
The yaktaur captain shoots a bolt.
The bolt hits you!!
You die...

#......#
#...c..###
#...ccc...
#.........
#.........
#.........
#.........
#..#######
#.@# #..#
#..# #..#
#..# #..#
#..# #..#
#..#


You could see a yaktaur captain and 3 yaktaurs.

Vanquished Creatures
  Mara (Shoals:2)
  Saint Roka (Orc:2)
  Jorgrun (D:12)
  Frances (Snake:2)
  A kraken (Shoals:4)
  A sphinx (D:15)
  7 nagarajas
  A vault warden (Vaults:1)
  3 frost giants
  3 orc warlords
  An ironbound preserver (Vaults:1)
  2 very ugly things
  A stone giant (Volcano)
  The ghost of r3xj the Tortoise, a journeyman MiFi of Okawaru (Lair:1)
  A war gargoyle (Vaults:1)
  Azrael (D:13)
  The ghost of dr0g0th the Fencer, a journeyman MiAK of Lugonu (D:13)
  A minotaur (Gauntlet)
  A white draconian (IceCv)
  7 merfolk javelineers
  An ettin (D:15)
  2 yaktaur captains (Vaults:1)
  11 merfolk impalers
  Josephine (D:11)
  Fannar (Lair:2)
  The ghost of rougesareth the Impaler, a journeyman MfGl of Fedhas (Lair:1)
  2 great orbs of eyes (Vaults:1)
  The ghost of AigisTheKnight the Geomancer, a journeyman DrAE of Vehumet (Lair:1)
  6 salamander tyrants
  17 naga warriors
  2 merfolk avatars (Shoals:4)
  8 vault guards
  15 hydras
  8 anacondas
  A peacekeeper (Vaults:1)
  Erolcha (D:11)
  5 boulder beetles
  A rakshasa (D:13)
  An ogre mage (D:15)
  7 ironbound frosthearts
  An alligator snapping turtle (Shoals:2)
  13 centaur warriors
  2 death yaks
  A ghost crab (Gauntlet)
  The ghost of Qyrphocoi the Geomancer, a journeyman GrEE of Vehumet (D:11)
  A dancing weapon (D:11)
  A deep troll shaman (D:15)
  3 two-headed ogres
  A catoblepas (Lair:5)
  4 merfolk aquamancers (Shoals:4)
  2 death knights
  The ghost of oldriver the Frost Mage, a journeyman KoIE of Qazlal (Lair:1)
  The ghost of ragingrage the Fighter, a novice OgFE of Vehumet (D:10)
  2 spriggan berserkers (D:15)
  2 satyrs
  Urug (D:11)
  8 tengu warriors (D:15)
  3 orc high priests
  11 naga sharpshooters
  A soul eater (Gauntlet)
  A spriggan (D:15)
  8 shock serpents
  The ghost of porpoise the Thaumaturge, a novice DECj of Vehumet (Lair:1)
  3 deep trolls (Vaults:1)
  10 salamander mystics
  9 skeletal warriors
  15 sea snakes
  6 naga ritualists
  2 goliath frogs (Lair:6)
  A glowing orange brain (D:15)
  An orange crystal statue (IceCv)
  4 harpies (Shoals:1)
  2 ironbound convokers (Vaults:1)
  2 wizards (Vaults:1)
  A kraken simulacrum (Shoals:4)
  10 orc knights
  3 lindwurms (Vaults:1)
  3 deep elf pyromancers
  A necromancer (D:15)
  5 orc sorcerers
  33 ugly things
  17 manticores
  A worldbinder (Shoals:1)
  17 cyclopes
  A shining eye (Shoals:1)
  22 fauns
  9 mana vipers
  25 salamanders
  30 black mambas
  7 elephants
  7 guardian serpents
  3 apocalypse crabs (Shoals:1)
  13 merfolk sirens
  A vault sentinel (Vaults:1)
  2 moths of wrath (D:13)
  2 rust devils (D:5)
  2 torpor snails
  11 naga magi
  A molten gargoyle (Volcano)
  3 gargoyles (Volcano)
  6 water nymphs
  24 cane toads
  A yaktaur (shapeshifter) (D:15)
  2 kobold demonologists
  An unseen horror (D:10)
  2 freezing wraiths
  5 yaktaurs (Vaults:1)
  16 rime drakes (IceCv)
  3 efreet
  12 komodo dragons
  4 tengu conjurers
  An ancient zyme (Shoals:1)
  23 polar bears
  5 wind drakes
  33 merfolk
  A jumping spider (shapeshifter) (D:15)
  2 hornets (D:15)
  A queen bee (Snake:1)
  11 trolls
  Prince Ribbit (D:8)
  2 tyrant leeches (Lair:6)
  A large abomination (Shoals:1)
  A meliai (D:15)
  3 snapping turtles
  30 blink frogs
  A blink frog (shapeshifter) (D:13)
  7 dream sheep
  8 slime creatures
  2 centaur simulacra
  A ynoxinul (D:10)
  4 shadows
  43 yaks
  3 wraiths (D:11)
  2 wyverns
  10 water elementals
  7 fire bats (Volcano)
  Grum (D:8)
  A basilisk (Lair:5)
  4 fire elementals
  16 vampire mosquitoes
  3 chaos spawn
  A neqoxec (Gauntlet)
  A harpy simulacrum (D:15)
  39 nagas
  3 wargs (Orc:2)
  15 water moccasins
  4 floating eyes (D:15)
  3 acid dragons
  8 hell hounds
  A black bear (shapeshifter) (D:15)
  2 small abominations (Shoals:1)
  49 orc warriors
  An ice beast (D:8)
  2 sky beasts
  9 ogres
  7 wolves
  15 centaurs
  A phantom (D:5)
  4 kobold brigands
  17 bullfrogs
  2 gnoll sergeants
  Blork the orc (D:5)
  A scorpion (D:4)
  A water moccasin zombie (D:3)
  2 earth elementals (Volcano)
  9 killer bees
  3 electric eels
  A howler monkey (D:5)
  2 jellies
  4 centaur zombies
  6 lava snakes (Volcano)
  3 bullfrog zombies
  A gnoll shaman (D:8)
  4 hounds
  20 orc priests
  2 bullfrog skeletons
  5 centaur skeletons
  3 iguanas
  43 orc wizards
  2 hound skeletons (D:4)
  A howler monkey zombie (D:9)
  14 gnolls
  7 adders
  2 shadow imps (Gauntlet)
  3 ufetubi (D:5)
  A worm (D:3)
  A dart slug (D:2)
  110 orcs
  8 ball pythons
  6 bats
  8 endoplasms
  A giant cockroach (D:1)
  8 goblins
  4 hobgoblins
  7 jackals
  4 quokkas
  3 frilled lizards
  26 kobolds
  3 rats
  A butterfly (Lair:6)
  5 tentacles (Shoals:4)
1308 creatures vanquished.

Vanquished Creatures (collateral kills)
  Asterion (Snake:1)
1 creature vanquished.

Vanquished Creatures (others)
  A shock serpent (Snake:3)
  A black mamba (Snake:3)
  A manticore (D:13)
  29 fungi
  116 plants
  10 tentacles (Shoals:4)
158 creatures vanquished.

Grand Total: 1467 creatures vanquished

Notes
Turn   | Place    | Note
-------+----------+-------------------------------------------
     0 | D:1      | SnakkuSnakku7 the Vine Stalker Fighter began the quest for
                  | the Orb.
     0 | D:1      | Reached XP level 1. HP: 11/11 MP: 2/2
     9 | D:1      | Found a faded altar of an unknown god.
    15 | D:1      | Prayed at the altar of an unknown god.
    15 | D:1      | Became a worshipper of the Shining One
    15 | D:1      | Reached * piety under the Shining One
   111 | D:1      | Reached XP level 2. HP: 7/16 MP: 1/3
   512 | D:1      | Reached XP level 3. HP: 17/19 MP: 4/4
   912 | D:2      | Found an opulent altar of Gozag.
  1013 | D:2      | Gained mutation: Your natural rate of healing is unusually
                  | fast. [Vine Stalker growth]
  1013 | D:2      | Reached XP level 4. HP: 15/23 MP: 5/5
  1428 | D:3      | Reached ** piety under the Shining One
  1489 | D:3      | Reached skill level 1 in Maces & Flails
  1489 | D:3      | Reached XP level 5. HP: 24/27 MP: 4/6
  1733 | D:3      | Reached skill level 2 in Maces & Flails
  2090 | D:4      | Reached skill level 3 in Maces & Flails
  2163 | D:4      | Reached XP level 6. HP: 17/32 MP: 7/7
  2173 | D:4      | Reached skill level 4 in Maces & Flails
  2253 | D:4      | Reached skill level 5 in Maces & Flails
  2253 | D:4      | Reached XP level 7. HP: 32/35 MP: 8/8
  2499 | D:4      | Reached skill level 6 in Maces & Flails
  2926 | D:5      | Entered Level 5 of the Dungeon
  2971 | D:5      | Gained mutation: You have razor-sharp teeth. [Vine Stalker
                  | growth]
  2971 | D:5      | Reached XP level 8. HP: 35/39 MP: 9/9
  3052 | D:5      | Reached skill level 7 in Maces & Flails
  3143 | D:5      | Noticed Blork the orc
  3151 | D:5      | Killed Blork the orc
  3156 | D:5      | Reached *** piety under the Shining One
  3783 | D:6      | Reached skill level 8 in Maces & Flails
  4207 | D:6      | Reached skill level 9 in Maces & Flails
  4252 | D:6      | Reached XP level 9. HP: 43/43 MP: 10/10
  4310 | D:6      | Found a glowing silver altar of Zin.
  4312 | D:6      | Found a shimmering blue altar of Sif Muna.
  4540 | D:7      | Found a staircase to the Ecumenical Temple.
  5299 | D:8      | Reached skill level 10 in Maces & Flails
  5299 | D:8      | Reached skill level 1 in Evocations
  5349 | D:8      | Noticed Grum
  5423 | D:8      | Killed Grum
  5734 | D:8      | Found Haupp's Distillery.
  5736 | D:8      | Found Veihumil's Antique Weapon Boutique.
  5736 | D:8      | Found Akhyal's Jewellery Boutique.
  5741 | D:8      | Found Ziesemut's Assorted Antiques.
  5757 | D:8      | Bought a sapphire potion for 27 gold pieces
  5761 | D:8      | Bought a potion of berserk rage for 75 gold pieces
  5761 | D:8      | Bought a potion of might for 60 gold pieces
  5899 | D:8      | Noticed Prince Ribbit
  5910 | D:8      | Killed Prince Ribbit
  5953 | D:8      | Reached XP level 10. HP: 47/47 MP: 11/11
  5970 | D:8      | Reached skill level 11 in Maces & Flails
  6242 | D:9      | Found a staircase to the Lair.
  6337 | D:9      | Reached skill level 5 in Evocations
  6397 | D:9      | Reached **** piety under the Shining One
  6412 | D:9      | Found an iron altar of Okawaru.
  6581 | D:9      | Noticed a two-headed ogre
  6590 | D:9      | Killed a two-headed ogre
  6809 | D:10     | Entered Level 10 of the Dungeon
  6812 | D:10     | Noticed a kobold demonologist
  6816 | D:10     | Noticed a smoke demon
  6930 | D:10     | Killed a kobold demonologist
  6968 | D:10     | Identified the +4 quarterstaff of Offence {holy, rPois rF+
                  | rN+++ Int-3}
  6973 | D:10     | Noticed a two-headed ogre
  6979 | D:10     | Killed a two-headed ogre
  7007 | D:10     | Noticed an unseen horror
  7016 | D:10     | Killed an unseen horror
  7017 | D:10     | Reached skill level 12 in Maces & Flails
  7089 | D:10     | Noticed ragingrage's ghost (novice OgFE)
  7110 | D:10     | Found a runed translucent door.
  7291 | D:10     | Got the Incunabulum of Transmigration and Beguiling
  7402 | D:10     | Found a staircase to the Orcish Mines.
  7445 | D:10     | Reached skill level 5 in Invocations
  7638 | Lair:1   | Entered Level 1 of the Lair of Beasts
  7696 | Lair:1   | Reached XP level 11. HP: 51/51 MP: 14/16
  7920 | Lair:1   | Noticed a seven-headed hydra
  7925 | Lair:1   | Killed a seven-headed hydra
  8116 | Lair:1   | Reached skill level 5 in Fighting
  8126 | Lair:1   | Found a runed translucent gate.
  8126 | Lair:1   | Found a runed translucent gate.
  8126 | Lair:1   | Found a runed translucent gate.
  8136 | Lair:1   | Noticed AigisTheKnight's ghost (journeyman DrAE)
  8137 | Lair:1   | Noticed r3xj's ghost (journeyman MiFi)
  8137 | Lair:1   | Reached ***** piety under the Shining One
  8137 | Lair:1   | Noticed oldriver's ghost (journeyman KoIE)
  8137 | Lair:1   | Noticed porpoise's ghost (novice DECj)
  8137 | Lair:1   | Noticed rougesareth's ghost (journeyman MfGl)
  8154 | Lair:1   | Noticed a six-headed hydra
  8157 | Lair:1   | Killed a six-headed hydra
  8717 | Lair:2   | Noticed a four-headed hydra
  8950 | Lair:2   | Reached XP level 12. HP: 64/64 MP: 19/19
  8951 | Lair:2   | Found a staircase to the Snake Pit.
  9016 | Lair:2   | Killed a four-headed hydra
  9218 | Lair:2   | Noticed Fannar
  9249 | Lair:2   | Killed Fannar
  9590 | Lair:3   | Found a gate leading to a gauntlet.
  9666 | Lair:3   | Reached skill level 10 in Fighting
  9745 | Gauntlet | Entered a Gauntlet
  9745 | Gauntlet | Found a transporter.
  9746 | Gauntlet | Found a runed translucent gate.
  9746 | Gauntlet | Found a runed translucent gate.
  9746 | Gauntlet | Noticed a soul eater
  9747 | Gauntlet | Found a runed translucent gate.
  9752 | Gauntlet | Found a transporter.
  9755 | Gauntlet | Found a transporter.
  9756 | Gauntlet | Found a transporter.
  9788 | Gauntlet | Killed a soul eater
  9806 | Gauntlet | Found a transporter.
  9806 | Gauntlet | Found a transporter.
  9806 | Gauntlet | Found a transporter.
  9836 | Gauntlet | Found a transporter.
  9836 | Gauntlet | Found a transporter.
  9836 | Gauntlet | Found a transporter.
  9839 | Gauntlet | Noticed a ghost crab
  9900 | Gauntlet | Found a transporter.
  9901 | Gauntlet | Found a transporter.
  9901 | Gauntlet | Found a transporter.
  9903 | Gauntlet | Identified the ring "Sozehey" {Fly rElec Will+}
  9922 | Gauntlet | Killed a ghost crab
  9923 | Gauntlet | Reached skill level 5 in Armour
  9961 | Gauntlet | Found a transporter.
 10022 | Gauntlet | Found the +4 dagger "Morg" {pain, Will+ Int+5}
 10022 | Gauntlet | Identified the +2 broad axe of the Fray {antimagic, *Noise
                  | rF+ rN+ Will++}
 10022 | Gauntlet | Noticed a minotaur
 10037 | Gauntlet | Killed a minotaur
 10241 | Lair:3   | Identified a scroll of acquirement
 10241 | Lair:3   | Acquired the +3 helmet of the Eight Xalams {Harm rC+ rCorr}
 10349 | Lair:3   | Found a staircase to the Shoals.
 10375 | Lair:3   | Reached XP level 13. HP: 68/72 MP: 20/20
 10859 | Lair:4   | Reached skill level 13 in Maces & Flails
 12199 | Lair:5   | Reached skill level 14 in Maces & Flails
 12828 | Lair:6   | Entered Level 6 of the Lair of Beasts
 12862 | Lair:6   | Reached skill level 15 in Maces & Flails
 12948 | Lair:5   | Reached XP level 14. HP: 40/77 MP: 21/21
 13016 | Lair:6   | Found a dark tunnel.
 13029 | Volcano  | Entered a volcano
 13284 | Volcano  | Found a bloodstained altar of Trog.
 13316 | Volcano  | Noticed a stone giant
 13421 | Volcano  | Killed a stone giant
 13568 | Lair:6   | Reached skill level 16 in Maces & Flails
 13873 | Lair:6   | Identified the +4 great sword of Compassion {venom, Str+2
                  | Dex+6}
 14254 | Lair:6   | Reached ****** piety under the Shining One
 14696 | Lair:1   | Killed r3xj's ghost
 14696 | Lair:1   | Killed oldriver's ghost
 14696 | Lair:1   | Killed porpoise's ghost
 14699 | Lair:1   | Killed AigisTheKnight's ghost
 14706 | Lair:1   | Killed rougesareth's ghost
 14721 | Lair:1   | Got the Incunabulum of Twisted Malediction
 14874 | D:5      | Reached skill level 10 in Armour
 14876 | D:5      | Reached skill level 1 in Dodging
 14880 | D:5      | Identified the +8 morningstar "Gaewigoh" {spect, *Noise
                  | Str+4 Int-2 Dex+9}
 14887 | D:5      | Identified the +2 plate armour of Zereec {-Tele Int+3
                  | Stlth+}
 15109 | D:9      | Acquired the +2 pair of boots of Snakes and Ladders {rF+
                  | rC+}
 15251 | D:11     | Noticed Erolcha
 15259 | D:11     | Killed Erolcha
 15307 | D:11     | Noticed Urug
 15313 | D:11     | Killed Urug
 15314 | D:11     | Reached skill level 5 in Shields
 15325 | D:11     | Identified a +2 trishula of holy wrath (a +0 demon trident
                  | of venom blessed by the Shining One)
 15325 | D:11     | Received a gift from the Shining One
 15376 | D:11     | Noticed Josephine
 15381 | D:11     | Killed Josephine
 15382 | D:11     | Reached XP level 15. HP: 74/80 MP: 20/22
 15524 | D:11     | Found Nucibiq's Self-Improvement Boutique.
 15611 | D:11     | Found a runed translucent door.
 15611 | D:11     | Found a shimmering altar of Xom.
 15611 | D:11     | Noticed Qyrphocoi's ghost (journeyman GrEE)
 15632 | D:11     | Killed Qyrphocoi's ghost
 16360 | D:12     | Noticed Jorgrun
 16369 | D:12     | Killed Jorgrun
 16791 | D:12     | Found a shimmering altar of Xom.
 16888 | D:13     | Found a gate to the Vaults.
 17046 | D:13     | Noticed Azrael
 17051 | D:13     | Killed Azrael
 17052 | D:13     | Reached skill level 10 in Shields
 17360 | D:13     | Found a burning altar of Makhleb.
 17469 | D:13     | Found a bloodstained altar of Trog.
 17469 | D:13     | Noticed dr0g0th's ghost (journeyman MiAK)
 17470 | D:13     | Found a transporter.
 17489 | D:13     | Found a transporter.
 17672 | Orc:1    | Entered Level 1 of the Orcish Mines
 17768 | Orc:1    | Noticed an orc warlord
 17777 | Orc:1    | Killed an orc warlord
 18345 | Orc:2    | Entered Level 2 of the Orcish Mines
 18591 | Orc:2    | Noticed Saint Roka
 18598 | Orc:2    | Reached XP level 16. HP: 44/85 MP: 10/23
 18671 | Orc:2    | Found a staircase to the Elven Halls.
 18998 | Orc:2    | Found Facwememp's Weapon Shoppe.
 19456 | Orc:2    | Found Pettas's Antique Weapon Emporium.
 19461 | Orc:2    | Found Plog's Antique Armour Shoppe.
 19466 | Orc:2    | Bought a smoking cloak for 228 gold pieces
 19466 | Orc:2    | Identified the +2 cloak of the Arena {+Inv rCorr Dex+3}
                  | (You bought it in a shop on level 2 of the Orcish Mines)
 19541 | Orc:2    | Gained mutation: You are frail. (-10% HP) [a neqoxec]
 19553 | Orc:2    | Lost mutation: You are frail. (-10% HP) [potion of
                  | mutation]
 19553 | Orc:2    | Gained mutation: You are dopey. (Int -2) [potion of
                  | mutation]
 19553 | Orc:2    | Gained mutation: You expend magic power (3 MP) to
                  | strengthen your wands. [potion of mutation]
 19553 | Orc:2    | Gained mutation: You have hidden genetic defects. [potion
                  | of mutation]
 19761 | Orc:2    | Killed Saint Roka
 19862 | Orc:2    | Found Hamiats's Magic Scroll Shoppe.
 19868 | Orc:2    | Bought a scroll of blinking for 105 gold pieces
 19868 | Orc:2    | Bought a scroll of teleportation for 42 gold pieces
 19868 | Orc:2    | Bought a scroll of summoning for 133 gold pieces
 20244 | D:8      | Bought a +4 ring of protection for 540 gold pieces
 20319 | D:11     | Bought a manual of Invocations for 1120 gold pieces
 20595 | D:14     | Found a frozen archway.
 20604 | IceCv    | Entered an ice cave
 20678 | IceCv    | Reached skill level 10 in Invocations
 20689 | IceCv    | Gained mutation: You are weak. (Str -2) [hidden defects]
 20984 | IceCv    | Gained mutation: Your spells are a little easier to cast,
                  | but a little less powerful. [hidden defects]
 20984 | IceCv    | Lost mutation: You have hidden genetic defects. [hidden
                  | defects expressed]
 21446 | D:14     | Reached XP level 17. HP: 77/89 MP: 29/29
 21458 | D:14     | Reached skill level 15 in Invocations
 21891 | D:15     | Entered Level 15 of the Dungeon
 21921 | D:15     | Noticed a sphinx
 21925 | D:15     | Killed a sphinx
 22071 | D:15     | Reached skill level 5 in Dodging
 22089 | D:15     | Identified the ring of Agnosticism {*Slow rF- rC+++ Will+
                  | Str+6}
 22121 | D:15     | Paralysed by a floating eye for 3 turns
 22184 | D:15     | Found a staircase to the Depths.
 22223 | D:15     | Identified the ring of Conversion {rElec rC+ Will+ Int-4}
 22239 | D:15     | Paralysed by a floating eye for 4 turns
 22337 | D:15     | Paralysed by a floating eye for 4 turns
 22358 | D:15     | Identified the ring of Lenuweq {Fly rPois rF+ Slay+2
                  | Stlth-}
 22433 | D:15     | Found a burning altar of Makhleb.
 22485 | D:15     | Found a basalt altar of Yredelemnul.
 22500 | D:15     | Found a transporter.
 22574 | D:15     | Found a burning altar of Makhleb.
 22650 | D:15     | Found a transporter.
 22924 | D:13     | Killed dr0g0th's ghost
 22949 | D:13     | Lost mutation: You are dopey. (Int -2) [potion of mutation]
 22949 | D:13     | Lost mutation: Your spells are a little easier to cast, but
                  | a little less powerful. [potion of mutation]
 22949 | D:13     | Lost mutation: You are weak. (Str -2) [potion of mutation]
 22949 | D:13     | Gained mutation: You have a pair of small antennae on your
                  | head. [potion of mutation]
 22949 | D:13     | Gained mutation: Armour fits poorly on your strangely
                  | shaped body. [potion of mutation]
 22949 | D:13     | Gained mutation: You heal very quickly. [potion of
                  | mutation]
 23063 | D:8      | Bought a potion of mutation for 120 gold pieces
 23063 | D:8      | Lost mutation: You expend magic power (3 MP) to strengthen
                  | your wands. [potion of mutation]
 23063 | D:8      | Lost mutation: You heal very quickly. [potion of mutation]
 23063 | D:8      | Gained mutation: Your magical capacity is low. (-10% MP)
                  | [potion of mutation]
 23064 | D:8      | Acquired a +1 pair of gloves of infusion
 23077 | D:8      | Acquired 1049 gold pieces
 23079 | D:8      | Acquired 852 gold pieces
 23081 | D:8      | Acquired the ring "Waazxoug" {rElec rF+ rC+ Stlth+}
 23188 | Snake:1  | Entered Level 1 of the Snake Pit
 23407 | Snake:1  | Noticed Asterion
 23422 | Snake:1  | Killed Asterion
 23485 | Snake:1  | Found Qesog's Book Shoppe.
 23827 | Snake:1  | Reached skill level 10 in Dodging
 23965 | Snake:1  | You are sucked into a shaft and drop 1 floor!
 24046 | Snake:2  | Reached XP level 18. HP: 93/94 MP: 27/27
 24813 | Snake:2  | Noticed Frances
 24830 | Snake:2  | Killed Frances
 25828 | Snake:3  | Found a runed translucent door.
 26232 | Snake:4  | Entered Level 4 of the Snake Pit
 26766 | Snake:4  | Reached XP level 19. HP: 107/107 MP: 28/28
 26830 | Snake:4  | Reached skill level 15 in Fighting
 26841 | Snake:4  | Found Pyve's Distillery.
 26861 | Snake:4  | Bought a potion of mutation for 160 gold pieces
 26861 | Snake:4  | Bought a potion of cancellation for 160 gold pieces
 26861 | Snake:4  | Lost mutation: You have a pair of small antennae on your
                  | head. [potion of mutation]
 26861 | Snake:4  | Gained mutation: You are dopey. (Int -2) [potion of
                  | mutation]
 26861 | Snake:4  | Gained mutation: You occasionally shout uncontrollably at
                  | your foes. [potion of mutation]
 26861 | Snake:4  | Gained mutation: You have hidden genetic potential. [potion
                  | of mutation]
 27174 | Snake:4  | Got a serpentine rune of Zot
 27595 | Shoals:1 | Entered Level 1 of the Shoals
 27973 | Shoals:1 | Found a runed translucent door.
 27989 | Shoals:1 | Found a corrupted altar of Lugonu.
 28009 | Shoals:1 | Reached skill level 15 in Shields
 28222 | Shoals:1 | Found a one-way gate to the infinite horrors of the Abyss.
 28260 | Shoals:1 | Identified the +0 plate armour of Kasuma {rN+ Str+3}
 28648 | Shoals:3 | Found Noaph's Antique Weapon Shop.
 28936 | Shoals:3 | Noticed Mara
 28940 | Shoals:3 | Noticed SnakkuSnakku7's illusion
 29005 | Shoals:2 | Killed Mara
 29163 | Shoals:4 | Entered Level 4 of the Shoals
 29176 | Shoals:4 | Identified the +5 flail "Faet" {drain, rF+ Will+ Dex+4
                  | Stlth-}
 29332 | Shoals:4 | Reached XP level 20. HP: 78/113 MP: 27/29
 29472 | Shoals:4 | Gained mutation: You are strong-willed. (Will+) [hidden
                  | potential]
 29924 | Shoals:4 | Got a barnacled rune of Zot
 30017 | Shoals:4 | Reached skill level 1 in Polearms
 30286 | D:10     | Killed ragingrage's ghost
 30296 | D:10     | Got the Disquisition on the Mountains
 30378 | Vaults:1 | Entered Level 1 of the Vaults
 30539 | Vaults:1 | Reached skill level 5 in Polearms
 31223 | Vaults:1 | Shot with a bolt by a yaktaur captain

Illustrated notes

Levels and vault maps discovered:
D:1:      grunt_arrival_crossed_arrows, layout_rooms,
          ebering_ecumenical_altar_abandoned, serial_glass, glass_columns_c,
          glass_columns_a, glass_columns_b, glass_columns_b, glass_columns_b,
          glass_columns_c
D:2:      layout_loops_ring, basic_altar
D:3:      layout_rooms, serial_forest, infiniplex_forest_lined_room_3,
          infiniplex_forest_straight_2, infiniplex_forest_zigzag_1,
          infiniplex_forest_lined_3_way, infiniplex_forest_side_room,
          infiniplex_forest_zigzag_1, kennysheep_generic_room_6
D:4:      layout_loops_corners, minmay_misc_feat_enclosed,
          hangedman_decor_growths
D:5:      cheibrodos_iron_armory, layout_basic, uniq_blork_the_orc
D:6:      layout_rooms, nicolae_overflow_hidden_temple, dk_rats_in_the_wall
D:7:      layout_basic, minmay_temple_entry_overgrown, hangedman_decor_opposing
D:8:      layout_gridville, minmay_shop_grid_forest, uniq_prince_ribbit1,
          uniq_grum
D:9:      layout_roguey, kennysheep_okawaru_gauntlet, lair_entry_dummy
D:10:     layout_loops_cross, orc_0_dummy, hellmonk_ghost_big_iron
D:11:     layout_loops_ring, ebering_ghost_xom, nicolae_shop_self_help,
          uniq_josephine, uniq_urug, uniq_erolcha
D:12:     layout_cave_pods, tgw_xom, uniq_jorgrun
D:13:     layout_long_grid, lightli_vaults_fourway_checkpoint,
          gammafunk_ghost_wrathful_warriors, bloody_makhleb, uniq_azrael
D:14:     layout_loops_corners, minmay_strange_pillars,
          portal_ice_cave_entry_pillars_2, minmay_bent
D:15:     hangedman_spin_cycle
Lair:1:   layout_small_grid, gammafunk_ghost_cemetery, serial_bayou_shore_a,
          lemuel_fruit_tree, grunt_megastairs_3
Lair:2:   layout_regular_city, guppyfry_snake_entry_garden, uniq_fannar
Lair:3:   layout_chaotic_city, elwin_shoals_entry_stream,
          gauntlet_entry_generic, beast_lair_carwin_3, grunt_megastairs_2
Lair:4:   nzn_winding_woodlands_three_and_one
          [nzn_winding_woodlands_5x15_longhouse,
          nzn_winding_woodlands_5x15_split_checker,
          nzn_winding_woodlands_5x15_river_crossing,
          nzn_winding_woodlands_center_garden], layout_gridlike, serial_forest,
          infiniplex_forest_clump_curved, infiniplex_forest_clump_small,
          infiniplex_forest_lined_room_3, infiniplex_forest_clump_medium,
          infiniplex_forest_clump_medium, infiniplex_forest_lined_4_way,
          infiniplex_forest_lined_3, infiniplex_forest_end_1
Lair:5:   layout_loops_ring, minmay_slime_entry_oklob_enclosed,
          chequers_serial_rivers_micro_a, minivault_19,
          small_statue_intersection, guppyfry_lair_drakes
Lair:6:   minmay_lair_end_frog_pond, layout_regular_city,
          lightli_volcano_entry_magma_tube, lemuel_fruit_fields
Shoals:1: layout_shoals, nicolae_shoals_abyss_on_the_beach
Shoals:2: layout_shoals
Shoals:3: layout_shoals, serial_shops, nicolae_shop_statue_plus, uniq_mara
Shoals:4: shoals_end_grunt_ice, layout_shoals
Snake:1:  layout_cave_pods, serial_shops, nicolae_shop_hallway_plus,
          uniq_asterion
Snake:2:  layout_cave_shapes, special_room, drop_trap, uniq_frances
Snake:3:  layout_gridlike, lightli_airlock, serial_bayou_shore_b
Snake:4:  grunt_snake_rune_pools, layout_onion, serial_shops,
          nicolae_shop_stone, grunt_megastairs_1, serial_bayou_shore_b
Orc:1:    orc_temple, layout_diamond_mine
Orc:2:    grunt_orc_community_town_hall, layout_diamond_mine,
          grunt_orc_community_big_house_1, grunt_orc_community_big_house_2,
          grunt_orc_community_house_2, grunt_orc_community_house_3,
          grunt_orc_community_house_3, grunt_orc_community_house_1
Vaults:1: nicolae_vaults_arrows, v_misc_17, vaults_room_door_ring,
          nicolae_vaults_little_ls, nicolae_vaults_specimen_jars,
          nicolae_vaults_shelves_hall, hangedman_vaults_stretched_pinwheel,
          layout_vaults_omnigrid

Skill      XL: |  1  2  3  4  5  6  7  8  9 10 11 12 13 14 15 16 17 18 19 20 |
---------------+-------------------------------------------------------------+-----
Long Blades    | 2 3 |  3.1
Shields        | 3 4 5 11 12 15 | 15.0
Maces & Flails | 1 3 5 6 9 10 12 15 16 | 16.0
Evocations     | 4 6 |  6.0
Invocations    | 5 8 14 15 | 15.0
Fighting       | 7 10 14 15 | 15.0
Armour         | 6 10 11 13 | 13.0
Dodging        | 2 10 | 10.0
Polearms       | 9 |  9.6

Action                   |  1- 3 |  4- 6 |  7- 9 | 10-12 | 13-15 | 16-18 | 19-21 || total
-------------------------+-------+-------+-------+-------+-------+-------+-------++-------
Melee: Long sword        |    69 |    21 |       |       |       |       |       ||    90
       Bite              |    16 |    25 |    56 |   196 |   334 |   499 |   295 ||  1421
       Whip              |       |    98 |   240 |   511 |       |       |       ||   849
       Morningstar       |       |       |       |    19 |   838 |   955 |   559 ||  2371
Throw: Dart              |       |       |       |     5 |     3 |       |       ||     8
Invok: Cleansing Flame   |       |       |       |     4 |     9 |     3 |       ||    16
       Divine Shield     |       |       |       |       |     1 |       |       ||     1
       Brand Weapon With |       |       |       |       |     1 |       |       ||     1
       Summon Divine War |       |       |       |       |       |     3 |       ||     3
Evoke: Wand              |       |       |     2 |     9 |     8 |     7 |     9 ||    35
       Phial of floods   |       |       |       |     1 |     1 |       |       ||     2
  Use: Scroll            |       |       |     7 |    18 |    10 |    17 |     2 ||    54
       Potion            |       |       |       |     1 |     2 |     8 |     1 ||    12
Armor: Scale mail        |    46 |     1 |       |       |       |       |       ||    47
       Chain mail        |       |    56 |    96 |       |       |       |       ||   152
       Plate armour      |       |       |    10 |   172 |   422 |   306 |   167 ||  1077
       Skin              |       |       |       |       |       |     1 |       ||     1
Dodge: Dodged            |    25 |    36 |    52 |    92 |   166 |   256 |   204 ||   831
Block: Buckler           |    19 |    28 |    44 |    74 |   109 |       |       ||   274
       Kite shield       |       |       |       |       |   146 |   636 |   443 ||  1225

Table legend: (Time is in decaauts)
 A = Elapsed time spent in this place.
 B = Non-inter-level travel time spent in this place.
 C = Inter-level travel time spent in this place.
 D = Time resting spent in this place.
 E = Time spent auto-exploring this place.
 F = Levels seen in this place.
 G = Mean time per level.
                   A        B        C        D        E       F      G
               +--------+--------+--------+--------+--------+-----+--------+
         Total |  30407 |  27819 |   2588 |   1584 |  16423 |  35 |  868.8 |
       Dungeon |  12772 |  11351 |   1421 |    415 |   7855 |  15 |  851.5 |
          Lair |   6260 |   5761 |    499 |    124 |   4192 |   6 | 1043.3 |
        Shoals |   2518 |   2240 |    278 |    301 |     35 |   4 |  629.5 |
     Snake Pit |   4249 |   3994 |    255 |    247 |   2434 |   4 | 1062.2 |
  Orcish Mines |   2454 |   2322 |    132 |    274 |   1280 |   2 | 1227.0 |
        Vaults |    811 |    811 |      0 |      3 |    627 |   1 |  811.0 |
      Ice Cave |    580 |    580 |      0 |     15 |      0 |   1 |  580.0 |
       Volcano |    465 |    465 |      0 |     97 |      0 |   1 |  465.0 |
      Gauntlet |    295 |    295 |      0 |    108 |      0 |   1 |  295.0 |
               +--------+--------+--------+--------+--------+-----+--------+

Top non-repeatable levels by time:
   Orc:2: 1372 daAuts
  Lair:1: 1239 daAuts
 Snake:4: 1191 daAuts
  Lair:4: 1188 daAuts
     D:8: 1135 daAuts
 Snake:2: 1090 daAuts
  Lair:6: 1088 daAuts
   Orc:1: 1081 daAuts
     D:7: 1051 daAuts
 Snake:1: 1031 daAuts
    D:12: 967 daAuts
  Lair:3: 942 daAuts
     D:4: 940 daAuts
 Snake:3: 935 daAuts
    D:15: 916 daAuts
